Match 23943189
Unlisted

Match 23943189
End
Kettenkrad Recon Vehicle
Construct Infanterie Kompanie
MG 42 Machine Gun Team
Selects Mechanized Battlegroup
Grenadier Squad
GrW 34 Mortar Team
Construct Panzergrenadier Kompanie
Selects Spotting Scopes
Panzergrenadier Squad
Panzergrenadier Squad
Pak 40 Anti-tank Gun Team
251 Medium Carrier
Support Elements
Selects Wespe Self-propelled Artillery
Nebelwerfer 42 Rocket Launcher Team
Panzergrenadier Squad
iceman
insane
Nice1337
Regenbogeneinhorn
0
0

Comments sign in to comment!

No comments posted yet!